 Dungeon Crawl Stone Soup version 0.19.4-9-g45fd643 (webtiles) character file.

93 LORDOFBUTT the Shield-Bearer (level 4, 0/35 HPs)
             Began as a Formicid Fighter on Feb 19, 2017.
             Slain by a gnoll
             ... wielding a +0 flail
              (9 damage)
             ... on level 2 of the Dungeon.
             The game lasted 00:01:55 (1778 turns).

LORDOFBUTT the Shield-Bearer (Formicid Fighter)     Turns: 1778, Time: 00:01:56

Health: 0/35       AC:  6    Str: 21    XL:     4   Next: 92%
Magic:  4/4        EV:  8    Int:  7    God:
Gold:   96         SH: 10    Dex: 11    Spells: 0 memorised, 3 levels left

rFire  . . .     SeeInvis +     a - +0 war axe
rCold  . . .     Gourm    .     b - +0 scale mail
rNeg   . . .     Faith    .     c - +0 shield
rPois  .         Spirit   .     (helmet unavailable)
rElec  .         Reflect  .     (no cloak)
rCorr  .         Harm     .     (no gloves)
MR     .....                    (no boots)
Stlth  ..........               (no amulet)
                                (no ring)
                                (no ring)

@: no status effects
A: permanent stasis, dig shafts and tunnels, four strong arms, antennae 3
a: Dig, Shaft Self


You were on level 2 of the Dungeon.
You were not hungry.

You visited 1 branch of the dungeon, and saw 3 of its levels.

You collected 96 gold pieces.

Inventory:

Hand Weapons
 a - a +0 war axe (weapon)
Armour
 b - a +0 scale mail (worn)
 c - a +0 shield (worn)
Jewellery
 s - an uncursed ring of poison resistance {unknown}
 u - an uncursed ring of see invisible {unknown}
Wands
 p - a wand of teleportation (2/9)
Scrolls
 e - a scroll of identify {unknown}
 g - a scroll of blinking {unknown}
 h - 3 scrolls of teleportation {unknown}
 l - 2 scrolls of random uselessness {unknown}
 n - a scroll of amnesia {unknown}
 o - 2 scrolls of remove curse {unknown}
Potions
 d - 2 potions of might
 i - a potion of berserk rage {unknown}
 j - a potion of curing {unknown}
 k - a potion of lignification {unknown}
 q - a potion of degeneration {unknown}
 r - a potion of haste {unknown}
Comestibles
 f - 3 bread rations
 m - a slice of pizza
 t - 2 chunks of flesh


   Skills:
 - Level 3.2 Fighting
 * Level 3.9 Axes
 - Level 3.2 Armour
 + Level 4.7 Shields


You had 3 spell levels left.
You didn't know any spells.

Dungeon Overview and Level Annotations

Branches:
Dungeon (3/15)

Altars:


Innate Abilities, Weirdness & Mutations

You are under a permanent stasis effect.
You can dig through walls and to a lower floor.
Your four strong arms can wield two-handed weapons with a shield.
You have a pair of large antennae on your head. (SInv)


Message History

* * * LOW HITPOINT WARNING * * *
You see here a rat corpse.
Okay, then.
The gnoll hits you with a flail.
* * * LOW HITPOINT WARNING * * *
Things that are here:
a dagger of venom; an orc corpse
Things that are here:
a dagger; a ring mail
Items here: ( ))) [[ ÷÷ You see here a stone.
You see here a stone.
There is a stone staircase leading up here.
You block the gnoll's attack.
You climb upwards.
There is a stone staircase leading down here.
You slash the gnoll!
The gnoll is heavily wounded.
The gnoll hits you with a flail!
You die...

...#.###.# #...............#####
...#.# #.# #....................
...#÷# #.# #....######.###......
...#.# #.# #...............#####
##.#.# #.# ##...##.###.###.#####
#.#.# #.# #...................
#.#.# #.# #...##.###.###......
##.#.###.#####...##.###.###..####
...............g@.)..........####
####.#########...##...........##<
#...).#######...##.##...........
##.#.............##..............
.#.###.#######...##..............
.#.###.#...###...##..##.##.....#.
.#.........'.....##..##.##.....#.
.#.###.#...###...##..............
.#.# #.#...# #...##..##.##.....#.


You could see a gnoll.

Vanquished Creatures
  Terence (D:2)
  A worm (D:2)
  3 dart slugs
  A leopard gecko (D:1)
  6 orcs (D:3)
  4 bats
  3 giant cockroaches
  3 goblins
  7 hobgoblins
  3 jackals (D:3)
  6 kobolds
  2 frilled lizards (D:2)
  6 rats
46 creatures vanquished.

Notes
Turn   | Place    | Note
-------+----------+-------------------------------------------
     0 | D:1      | LORDOFBUTT the Formicid Fighter began the quest for the Orb.
     0 | D:1      | Reached XP level 1. HP: 18/18 MP: 1/1
   149 | D:1      | Reached XP level 2. HP: 24/24 MP: 2/2
   219 | D:1      | Reached skill level 4 in Shields
   378 | D:1      | Reached XP level 3. HP: 23/29 MP: 3/3
   943 | D:2      | Noticed Terence
  1216 | D:2      | Killed Terence
  1216 | D:2      | Reached XP level 4. HP: 35/35 MP: 4/4
  1778 | D:2      | Slain by a gnoll

Skill      XL: |  1  2  3 |
---------------+----------+-----
Shields        | 4 |  4.7
Axes           | 3 |  3.9
Fighting       | |  3.2
Armour         | |  3.2

Action                   |  1- 3 |  4- 6 || total
-------------------------+-------+-------++-------
Melee: War axe           |   117 |    59 ||   176
  Eat: Chunk             |     1 |     2 ||     3
Armor: Scale mail        |    55 |    14 ||    69
Dodge: Dodged            |    42 |    16 ||    58
Block: Shield            |    75 |    29 ||   104
